 Dungeon Crawl Stone Soup version 0.31-a0-150-g89dc3ad700 (webtiles) character file.

Game seed: 7965139056505304406

6517 Dittersdorf the Protected (level 11, -6/72 HPs)
             Began as a Gargoyle Fighter on June 8, 2023.
             Was a High Priest of Okawaru.
             Killed by divine providence
             ... invoked by an orc priest
              (13 damage)
             ... on level 9 of the Dungeon.
             The game lasted 00:16:27 (8861 turns).

Dittersdorf the Protected (Gargoyle Fighter)        Turns: 8861, Time: 00:16:28

Health: -6/72      AC: 29    Str: 30    XL:     11   Next: 0%
Magic:  20/20      EV:  7    Int:  9    God:    Okawaru [*****.]
Gold:   617        SH: 12    Dex:  9    Spells: 10/10 levels left

rFire   + + .        r - +1 morningstar (flame)
rCold   + + .        f - +2 shield of Resistance {rF++ rC++ Will++}
rNeg    + . .        y - +1 plate armour
rPois   ∞            k - +0 helmet
rElec   +            (no cloak)
rCorr   .            (no gloves)
SInv    +            a - +2 pair of boots
Will    ++...        w - amulet of the acrobat Stlth
                     s - ring "Vape" {MP+9 SInv}
HPRegen 0.32/turn    m - +6 ring of strength
MPRegen 0.17/turn

%: acrobat
@: studying Armour
A: sickness immunity, AC +8, negative energy resistance 1, electricity
resistance, torment resistance 1, petrification resistance
a: Renounce Religion, Heroism, Finesse, Duel


You were on level 9 of the Dungeon.
You worshipped Okawaru.
Okawaru was extremely pleased with you.
You visited 1 branch of the dungeon, and saw 9 of its levels.
You also visited: Sewer and Ossuary.

You collected 617 gold pieces.

Inventory:

Hand Weapons
 r - a +1 morningstar of flaming (weapon)
Missiles
 g - 2 curare-tipped darts
Armour
 a - a +2 pair of boots (worn)
 f - the +2 shield of Resistance (worn) {rF++ rC++ Will++}
   (You found it on level 8 of the Dungeon)

   rF:        It greatly protects you from fire.
   rC:        It greatly protects you from cold.
   Will:      It greatly increases your willpower.
 k - a +0 helmet (worn)
 y - a +1 plate armour (worn)
Jewellery
 m - a +6 ring of strength (right hand)
 s - the ring "Vape" (left hand) {MP+9 SInv}
   (You found it on level 3 of the Dungeon)

   [ring of magical power]

   MP:        It affects your magic capacity (+9).
   SInv:      It lets you see invisible.
 u - a ring of fire
 w - an amulet of the acrobat (around neck)
Scrolls
 c - a scroll of blinking
 h - a scroll of magic mapping
 j - 2 scrolls of fear
 n - a scroll of poison
 o - 2 scrolls of enchant armour
 p - a scroll of teleportation
Potions
 b - 2 potions of haste
 d - 2 potions of might
 e - 2 potions of invisibility
 i - a potion of magic {unknown}
 l - 3 potions of brilliance
 q - 5 potions of curing
 t - a potion of resistance
 v - 5 potions of attraction {unknown}
 x - a potion of cancellation
 A - 6 potions of heal wounds {unknown}
 B - 2 potions of mutation {unknown}


   Skills:
 + Level 9.6 Fighting
 + Level 8.4 Maces & Flails
 + Level 11.0 Armour
 + Level 9.6 Shields


You had 10 spell levels left.
You didn't know any spells.
Your spell library contained the following spells:

 Spells                   Type           Power      Damage    Failure   Level
 Dazzling Flash           Conj/Hex       0%         N/A       100%        3
 Ignite Poison            Fire/Tmut/Pois 0%         N/A       100%        3
 Inner Flame              Hex/Fire       0%         N/A       100%        3
 Volatile Blastmotes      Fire/Tloc      0%         2d10      100%        3
 Iskenderun's Mystic Bla  Conj/Tloc      0%         2d3       100%        4
 Freezing Cloud           Conj/Ice/Air   0%         6-21      100%        5
 Yara's Violent Unravell  Hex/Tmut       0%         3d3       100%        5
 Starburst                Conj/Fire      0%         6d3       100%        6
 Enfeeble                 Hex            0%         N/A       100%        7
 Cigotuvi's Dreadful Rot  Necr/Pois/Air  Unusable   N/A       N/A         2

Dungeon Overview and Level Annotations

Branches:
Dungeon (9/15)             Temple (0/1) D:5           Sewer (visited)
Ossuary (visited)
   Lair: D:8-11         Orc: D:9-12

Altars:
Ashenzari
Cheibriados
Gozag
Makhleb
Okawaru
Qazlal
Ru
Trog
Vehumet
Wu Jian
Yredelemnul
The Shining One

Annotations:
D:7 3 runed translucent doors, Lance11888's ghost, novice HuFi; rz's ghost, novice MiBe; xian's ghost, novice DsEn


Innate Abilities, Weirdness & Mutations

You are immune to sickness and miasma.
Your stone body is resilient. (AC +8)
You are immune to poison.
You resist negative energy. (rN+)
You are resistant to electric shocks. (rElec)
You are resistant to unholy torment.
You are immune to petrification.


Message History

You are too injured to fight recklessly!
You are too injured to fight recklessly!
You are too injured to fight recklessly!
You are too injured to fight recklessly!
You are too injured to fight recklessly!
You are too injured to fight recklessly!
You are too injured to fight recklessly!
You are too injured to fight recklessly!
You are too injured to fight recklessly!
You puncture the orc! You burn the orc.
You kill the orc!
Okawaru accepts your kill. The orc hits you but does no damage.
The orc misses you. The orc closely misses you.
The orc priest calls down the wrath of Beogh upon you.
Beogh smites you! The orc hits you but does no damage. x2
You block the orc's attack. You block the orc's attack.
The orc hits you but does no damage. You block the orc priest's attack.
Things that are here:
a +0 club; an orc corpse You closely miss the orc priest.
The orc hits you with a +0 club. You block the orc's attack.
The orc hits you with a +0 whip.
* * * LOW HITPOINT WARNING * * *
The orc priest calls down the wrath of Beogh upon you.
Beogh smites you!
* * * LOW HITPOINT WARNING * * *
You barely miss the orc priest. You block the orc's attack.
The orc hits you but does no damage. The orc closely misses you.
The orc priest hits you but does no damage.
You sock the orc priest! You burn the orc priest.
The orc priest is severely wounded.
The orc hits you but does no damage. x3; The orc priest barely misses you.
You hit the orc priest. You burn the orc priest.
The orc priest is almost dead.
You block the orc's attack. The orc hits you but does no damage.
You block the orc's attack.
The orc priest invokes the aid of Beogh against you.
Beogh smites you!
You die...

.#...............#####..#
.#...........##### #.##
.#...........# ###
.#############
.............#
.............### .
...............### ..#
..#######......oo##...##
..# #......o@o.....# ..#
#..............# ..#
...########.....# ..#
..### ###### ._


You could see an orc priest and 3 orcs.

Vanquished Creatures
  Joseph (D:8)
  Sigmund (D:5)
  3 yaks (D:9)
  2 wyverns
  A steam dragon (D:6)
  Menkaure (D:6)
  The ghost of jlumianski the Magician, an amateur DjFE (D:4)
  An orc warrior (D:9)
  A sky beast (D:7)
  4 black bears
  2 ogres
  5 ice beasts
  3 centaurs
  7 kobold brigands
  Blork the orc (D:6)
  An elf zombie (Ossuary)
  3 bullfrogs
  A gnoll sergeant (D:9)
  3 scorpions
  5 wights (D:8)
  17 killer bees
  2 howler monkeys
  7 centaur zombies (Ossuary)
  4 human zombies (Ossuary)
  4 hounds
  3 orc priests
  2 jellies
  A sleepcap (D:6)
  2 gnoll boudas (D:6)
  Ijyb (D:5)
  4 iguanas
  3 orc wizards (D:9)
  A statue (D:3)
  4 mummies
  17 gnolls
  14 adders
  A river rat (Sewer)
  A white imp (D:5)
  An ufetubus (D:4)
  5 worms
  5 dart slugs
  29 orcs
  3 bats
  16 endoplasms
  3 giant cockroaches
  7 goblins
  3 hobgoblins
  4 jackals (D:2)
  23 kobolds
  2 quokkas
  9 ball pythons
  4 frilled lizards
  2 goblin zombies (D:5)
  8 rats
259 creatures vanquished.

Notes
Turn   | Place    | Note
-------+----------+-------------------------------------------
     0 | D:1      | Dittersdorf the Gargoyle Fighter began the quest for the
                  | Orb.
     0 | D:1      | Reached XP level 1. HP: 14/14 MP: 1/1
   260 | D:1      | Reached XP level 2. HP: 19/19 MP: 2/2
   783 | D:2      | Reached XP level 3. HP: 7/24 MP: 3/3
   987 | D:2      | Reached XP level 4. HP: 27/29 MP: 4/4
  1231 | D:2      | Reached skill level 4 in Armour
  1297 | D:2      | Found a faded altar of an unknown god.
  1673 | D:3      | Found a snail-covered altar of Cheibriados.
  1684 | D:3      | Found an iron altar of Okawaru.
  1730 | D:3      | Became a worshipper of Warmaster Okawaru
  1735 | D:3      | Reached XP level 5. HP: 27/33 MP: 5/5
  1898 | D:3      | Identified the ring "Vape" {MP+9 SInv}
  2023 | D:3      | Found a radiant altar of Vehumet.
  2023 | D:3      | Noticed a charred statue
  2419 | D:4      | Found a runed translucent gate.
  2419 | D:4      | Found a runed translucent gate.
  2419 | D:4      | Found a runed translucent gate.
  2421 | D:4      | Found an opulent altar of Gozag.
  2422 | D:4      | Noticed jlumianski's ghost (amateur DjFE)
  2568 | D:4      | Reached XP level 6. HP: 32/39 MP: 6/6
  3335 | D:5      | Entered Level 5 of the Dungeon
  3354 | D:5      | Found a sand-covered staircase.
  3367 | Ossuary  | Entered an ossuary
  3418 | Ossuary  | Reached * piety under Okawaru
  3419 | Ossuary  | Reached skill level 5 in Fighting
  3423 | Ossuary  | Reached skill level 5 in Armour
  3423 | Ossuary  | Reached skill level 5 in Shields
  3423 | Ossuary  | Reached XP level 7. HP: 40/44 MP: 7/7
  3639 | D:5      | Reached ** piety under Okawaru
  3640 | D:5      | Reached XP level 8. HP: 41/51 MP: 8/8
  3653 | D:5      | Found a staircase to the Ecumenical Temple.
  3666 | D:5      | Noticed Sigmund
  3688 | D:5      | Found a glowing drain.
  3697 | Sewer    | Entered a sewer
  3901 | Sewer    | Reached skill level 6 in Armour
  3951 | Sewer    | Reached skill level 5 in Maces & Flails
  4524 | D:5      | Killed Sigmund
  4777 | D:5      | Noticed Ijyb
  4795 | D:5      | Killed Ijyb
  4990 | D:5      | Reached XP level 9. HP: 56/56 MP: 9/9
  5007 | D:5      | Reached *** piety under Okawaru
  5008 | D:5      | Reached skill level 7 in Armour
  5448 | D:6      | Noticed Blork the orc
  5452 | D:6      | Killed Blork the orc
  5677 | D:6      | Noticed Menkaure
  5679 | D:6      | Reached **** piety under Okawaru
  5683 | D:6      | Killed Menkaure
  6081 | D:7      | Identified a scroll of acquirement
  6081 | D:7      | Acquired a manual of Armour
  6102 | D:7      | Found a bloodstained altar of Trog.
  6127 | D:7      | Reached skill level 8 in Armour
  6308 | D:7      | Reached XP level 10. HP: 20/64 MP: 10/10
  6469 | D:7      | Found a broken altar of Ashenzari.
  6716 | D:7      | Reached skill level 9 in Armour
  6730 | D:7      | Found an ornate altar of the Wu Jian Council.
  6896 | D:7      | Found a runed translucent gate.
  6896 | D:7      | Found a runed translucent gate.
  6896 | D:7      | Found a runed translucent gate.
  6899 | D:7      | Noticed xian's ghost (novice DsEn)
  6899 | D:7      | Noticed Lance11888's ghost (novice HuFi)
  6899 | D:7      | Noticed rz's ghost (novice MiBe)
  7241 | D:4      | Killed jlumianski's ghost
  7483 | D:8      | Found the +2 shield of Resistance {rF++ rC++ Will++}
  7684 | D:8      | Found a burning altar of Makhleb.
  7737 | D:8      | Found a sacrificial altar of Ru.
  7772 | D:8      | Reached skill level 10 in Armour
  7844 | D:8      | Noticed Joseph
  7872 | D:8      | Killed Joseph
  7939 | D:8      | Found a stormy altar of Qazlal.
  8304 | D:9      | Reached ***** piety under Okawaru
  8374 | D:9      | Found a basalt altar of Yredelemnul.
  8643 | D:9      | Reached skill level 11 in Armour
  8846 | D:9      | Found a glowing golden altar of the Shining One.
  8854 | D:9      | Reached XP level 11. HP: 45/72 MP: 11/11
  8861 | D:9      | Killed from afar by an orc priest

Illustrated notes

Levels and vault maps discovered:
D:1:      lightli_arrival_isolated_outpost, layout_loops_ring
D:2:      layout_rooms, ebering_ecumenical_altar_mist
D:3:      layout_basic, vehumet_statue, jmf_multi_god_temple,
          chequers_serial_rivers_micro_c
D:4:      layout_basic, ebering_ghost_gozag
D:5:      layout_cave_pools, minmay_temple_entry_large_hall,
          nicolae_ossuary_entry_giza, cheibrodos_sewer_entry_drain,
          uniq_sigmund, uniq_ijyb
D:6:      layout_basic, minmay_misc_feat_encased, hangedman_decor_riveting,
          uniq_blork_the_orc, uniq_menkaure
D:7:      layout_loops_cross, evilmike_ruin_ashenzari,
          mainiacjoe_overflow_alcove_2, kennysheep_mini_moat, serial_rivers,
          chequers_serial_rivers_room_a, chequers_serial_rivers_micro_e,
          chequers_serial_rivers_small_a, chequers_serial_rivers_small_a,
          gammafunk_ghost_cemetery
D:8:      layout_loops_ring, lemuel_round_altar, nicolae_overflow_crystal_walls,
          mainiacjoe_overflow_cross_hatched, uniq_joseph
D:9:      layout_irregular_city, yredelemnul_altar_generic,
          mainiacjoe_overflow_alcove_3, hiddenorc1_lemuel, serial_column_ruins,
          column_ruins_square_small, column_ruins_hut,
          column_ruins_corridor_straight, column_ruins_columns_dead_end,
          column_ruins_grid_4, column_ruins_open_tiny, hex_tiny,
          hangedman_decor_lopped, grunt_ministairs_12, minmay_misc_feat_tiny

Skill      XL: |  1  2  3  4  5  6  7  8  9 10 |
---------------+-------------------------------+-----
Fighting       | 4 5 6 8 9 |  9.6
Armour         | 4 5 6 8 11 | 11.0
Shields        | 4 5 6 8 9 |  9.6
Maces & Flails | 3 4 5 7 8 |  8.4

Action                     |  1- 3 |  4- 6 |  7- 9 | 10-12 || total
---------------------------+-------+-------+-------+-------++-------
  Melee: Flail             |    69 |    62 |       |       ||   131
         Morningstar       |       |   149 |   399 |   257 ||   805
 Invoke: Heroism           |       |       |     1 |     5 ||     6
    Use: Scroll            |       |     1 |    15 |     4 ||    20
 Armour: Chain mail        |    45 |   118 |   210 |       ||   373
         Skin              |       |       |    12 |       ||    12
         Plate armour      |       |       |   113 |   206 ||   319
  Dodge: Dodged            |    31 |    84 |   319 |   151 ||   585
  Block: Buckler           |    11 |    51 |   134 |    31 ||   227
         Kite shield       |       |       |       |   155 ||   155

Table legend: (Time is in decaauts)
 A = Elapsed time spent in this place.
 B = Non-inter-level travel time spent in this place.
 C = Inter-level travel time spent in this place.
 D = Time resting spent in this place.
 E = Time spent auto-exploring this place.
 F = Levels seen in this place.
 G = Mean time per level.
                   A        B        C        D        E       F      G
               +--------+--------+--------+--------+--------+-----+--------+
         Total |   9280 |   8721 |    559 |    462 |   5861 |  11 |  843.6 |
       Dungeon |   8169 |   7610 |    559 |    462 |   5238 |   9 |  907.7 |
         Sewer |    856 |    856 |      0 |      0 |    599 |   1 |  856.0 |
       Ossuary |    255 |    255 |      0 |      0 |     24 |   1 |  255.0 |
               +--------+--------+--------+--------+--------+-----+--------+

Top non-repeatable levels by time:
     D:4: 1253 daAuts
     D:7: 1104 daAuts
     D:6: 1063 daAuts
     D:3: 976 daAuts
     D:8: 931 daAuts
   Sewer: 856 daAuts
     D:1: 784 daAuts
     D:5: 751 daAuts
     D:2: 702 daAuts
     D:9: 602 daAuts
 Ossuary: 255 daAuts
